 Dungeon Crawl Stone Soup version 0.24-a0-7-g1bb0902 (webtiles) character file.

Game seed: 12241241251452092675

5014 Lanoc the Cleaver (level 10, -5/121 HPs)
             Began as a Demonspawn Chaos Knight on Jan 30, 2019.
             Was a Plaything of Xom.
             Slain by a komodo dragon (shapeshifter) (18 damage)
             ... on level 8 of the Dungeon on Jan 31, 2019.
             The game lasted 00:25:48 (5864 turns).

Lanoc the Cleaver (Demonspawn Chaos Knight)         Turns: 5864, Time: 00:25:49

Health: -5/121     AC: 27    Str: 17    XL:     10   Next: 30%
Magic:  19/19      EV:  2    Int: 15    God:    Xom [..*...]
Gold:   354        SH:  0    Dex: 19    Spells: 9/9 levels left

rFire    . . .     SeeInvis .   a - +1 hand axe (chaos)
rCold    . . .     Gourm    .   (no shield)
rNeg     + + +     Faith    .   (armour currently unavailable)
rPois    +         Spirit   .   (helmet currently unavailable)
rElec    .         Reflect  .   (cloak currently unavailable)
rCorr    .         Harm     .   (gloves currently unavailable)
MR       .....     NoTele   +   (boots currently unavailable)
Stlth    +++.......             b - amulet of magic regeneration
HPRegen  0.30/turn              l - +2 ring of protection
MPRegen  0.41/turn              p - ring of magical power

@: agile, tree-form
A: clever 1, mutation resistance 1, powered by death 2, strong 1
a: Renounce Religion


You were on level 8 of the Dungeon.
You worshipped Xom.
You were a toy of Xom.
You were not hungry.
You were a tree.
You visited 1 branch of the dungeon, and saw 8 of its levels.

You collected 354 gold pieces.

Inventory:

Hand Weapons
 a - a +1 hand axe of chaos (weapon)
Armour
 f - a +0 cloak (melded)
 q - a +1 pair of gloves (melded)
 r - a +3 chain mail of poison resistance (melded)
 y - a +1 scale mail of positive energy
Jewellery
 b - an amulet of magic regeneration (around neck)
 l - a +2 ring of protection (left branch)
 p - a ring of magical power (right branch)
Wands
 g - a wand of polymorph (2)
 t - a wand of random effects (29)
 z - a wand of clouds (3)
Scrolls
 d - 2 scrolls of identify
 e - 6 scrolls of teleportation
 h - 3 scrolls of remove curse
 j - a scroll of fog
 k - 2 scrolls of amnesia
 n - a scroll of enchant weapon
 o - a scroll of enchant armour
Potions
 i - 3 potions of curing
 m - 3 potions of flight
 u - a potion of invisibility
 x - a potion of agility
Comestibles
 c - 9 rations
 v - 4 chunks of flesh


   Skills:
 + Level 8.3 Fighting
 * Level 10.2 Axes
 + Level 7.2 Armour
 + Level 7.0 Dodging


You had 9 spell levels left.
You didn't know any spells.
Your spell library contained the following spells:

 Spells                   Type           Power        Failure   Level  Hunger
 Freeze                   Ice            #...         26%         1    ##.....
 Magic Dart               Conj           #...         26%         1    ##.....
 Searing Ray              Conj           #.....       38%         2    ###....
 Throw Frost              Conj/Ice       #.....       38%         2    ###....
 Dazzling Spray           Conj/Hex       #.....       63%         3    ####...
 Ozocubu's Armour         Chrm/Ice       #.......     63%         3    ####...
 Force Lance              Conj/Tloc      #.......     95%         4    #####..
 Fulminant Prism          Conj/Hex       #.........   95%         4    #####..
 Iskenderun's Mystic Bla  Conj           #.......     95%         4    #####..
 Summon Ice Beast         Ice/Summ       #.......     95%         4    #####..
 Throw Icicle             Conj/Ice       #.......     95%         4    #####..


Dungeon Overview and Level Annotations

Branches:
Dungeon (8/15)             Temple (0/1) D:7
   Lair: D:8-11

Altars:
Ashenzari
Xom


Innate Abilities, Weirdness & Mutations

((You have a pair of antennae on your head.))
((You are completely covered in large bone plates. (SH +8)))
You regenerate health from kills.
((You have sharp fingernails.))
Your mind is acute. (Int +2)
You are somewhat resistant to further mutation.
Your muscles are strong. (Str +2)


Message History

It was a potion of lignification.
You turn into a tree.
Your +0 cloak melds into your body.
Your +1 pair of gloves melds into your body.
Your +3 chain mail of poison resistance melds into your body.
You no longer feel resistant to poison.
Your roots penetrate the ground.
Something bites you. Something bites you but does no damage.
You hit something. You freeze something.
Something bites you but does no damage.
You hit something. You freeze something.
Something bites you but does no damage.
You hit something but do no damage. Something bites you but does no damage.
Something bites you!
* * * LOW HITPOINT WARNING * * *
You closely miss something.
Your butterfly disappears in a puff of smoke! x2
Something bites you!!
* * * LOW HITPOINT WARNING * * *
You feel agile all of a sudden. Something bites you!!
You die...

#...#.##.###.#..≈≈≈..##
#...#.##........≈≈≈)...
#...#.##.....#..≈≈≈...#
#...#.##.....#[.≈≈≈..##
#...#.##.....#...8....#
#...#.##.....##.....#.#
##.##........###......#
#.##....§...# #.#.####
#.##.♣.(....###.#.# {
###'##{...........#.#
#.....§###.########.#
#......# #.# #.#
#......# #. #.#
#......# #. #.#
#......# #+# #......#
#......#


There were no monsters in sight!

Vanquished Creatures
  The ghost of Zanta616 the Skirmisher, a novice OgFi of Sif Muna (D:7)
  A queen bee (D:8)
  A redback (shapeshifter) (D:8)
  A steam dragon (D:7)
  Eustachio (D:5)
  Menkaure (D:5)
  A warg (D:5)
  Duvessa (D:5)
  2 ice beasts
  A necrophage (D:5)
  An ogre (D:5)
  A centaur (D:7)
  A big kobold (D:4)
  A bullfrog (D:8)
  2 gnoll sergeants (D:5)
  A water moccasin zombie (D:8)
  Dowan (D:5)
  A wyvern skeleton (D:6)
  A scorpion (D:7)
  15 killer bees (D:8)
  A wight (D:5)
  A howler monkey (D:7)
  A bullfrog zombie (D:7)
  2 crimson imps
  4 orc priests
  3 hounds
  A jelly (D:7)
  4 orc wizards
  2 iguanas
  3 worker ants
  Robin (D:4)
  2 gnolls (D:4)
  8 adders
  A shadow imp (D:5)
  An ooze (D:4)
  An adder skeleton (D:6)
  An adder zombie (D:7)
  4 worms
  A dart slug (D:5)
  2 leopard geckos
  21 orcs
  7 giant cockroaches
  15 goblins
  8 hobgoblins
  8 jackals
  8 kobolds
  7 quokkas
  A ball python (D:3)
  9 bats
  9 frilled lizards
  A jackal skeleton (D:5)
  A jackal zombie (D:7)
  A leopard gecko skeleton (D:4)
  4 rats
180 creatures vanquished.

Vanquished Creatures (collateral kills)
  An ice beast (D:5)
  A centaur (D:5)
  A crimson imp (D:5)
  An orc priest (D:5)
  2 orc wizards (D:5)
  A gnoll (D:4)
  An orc (D:5)
8 creatures vanquished.

Vanquished Creatures (others)
  A goblin (D:2)
1 creature vanquished.

Grand Total: 189 creatures vanquished

Notes
Turn   | Place    | Note
-------+----------+-------------------------------------------
     0 | D:1      | Lanoc the Demonspawn Chaos Knight began the quest for the
                  | Orb.
     0 | D:1      | Reached XP level 1. HP: 18/18 MP: 1/1
   122 | D:1      | Reached skill level 1 in Dodging
   185 | D:1      | Gained mutation: You have a pair of small antennae on your
                  | head. [demonic ancestry]
   185 | D:1      | Reached XP level 2. HP: 19/24 MP: 2/2
   216 | D:1      | Found a shattered altar of Ashenzari.
   237 | D:1      | XOM: smoke on damage
   456 | D:1      | XOM: silly message
   669 | D:2      | Reached skill level 3 in Axes
   674 | D:2      | Reached XP level 3. HP: 20/29 MP: 3/3
   943 | D:2      | XOM: divination: detect creatures
   947 | D:2      | XOM: silly message
  1149 | D:2      | XOM: scenery: create altars
  1328 | D:3      | Gained mutation: You are partially covered in large bone
                  | plates. (SH +4) [demonic ancestry]
  1328 | D:3      | Reached XP level 4. HP: 32/35 MP: 4/4
  1337 | D:3      | XOM: smoke on damage
  1946 | D:3      | XOM: cast spell 'Alistair's Intoxication'
  1993 | D:3      | XOM: noise
  2286 | D:4      | Noticed an ogre
  2309 | D:4      | XOM: cast spell 'Dispersal'
  2313 | D:4      | XOM: medium Erth miscast
  2326 | D:4      | XOM: blink monster(s)
  2333 | D:4      | XOM: summons 2 friendly demons
  2355 | D:4      | Gained mutation: You have a pair of antennae on your head.
                  | [demonic ancestry]
  2355 | D:4      | Reached XP level 5. HP: 17/42 MP: 5/5
  2621 | D:4      | Noticed Robin
  2641 | D:4      | Killed Robin
  2641 | D:4      | Reached skill level 4 in Axes
  2682 | D:4      | Noticed an ogre
  2687 | D:4      | an ogre changed into a big kobold
  2687 | D:4      | XOM: polymorph ogre -> big kobold
  2876 | D:4      | XOM: give mutations
  2876 | D:4      | Gained mutation: You are somewhat resistant to further
                  | mutation. [Xom's grace]
  2876 | D:4      | Gained mutation: You have sharp fingernails. [Xom's grace]
  2876 | D:4      | Gained mutation: Your mind is acute. (Int +2) [Xom's grace]
  2876 | D:4      | Gained mutation: Your muscles are strong. (Str +2) [Xom's
                  | grace]
  3065 | D:5      | Entered Level 5 of the Dungeon
  3139 | D:5      | Gained mutation: You regenerate a little health from kills.
                  | [demonic ancestry]
  3139 | D:5      | Reached XP level 6. HP: 48/48 MP: 6/6
  3144 | D:5      | XOM: scenery: create altars
  3193 | D:5      | Noticed an ice beast
  3201 | D:5      | Killed an ice beast
  3206 | D:5      | XOM: summons 6 friendly demons
  3209 | D:5      | XOM: butterfly on damage
  3242 | D:5      | Reached skill level 5 in Axes
  3242 | D:5      | Gained mutation: You regenerate health from kills. [demonic
                  | ancestry]
  3242 | D:5      | Reached XP level 7. HP: 48/55 MP: 7/7
  3281 | D:5      | XOM: summons 7 friendly demons
  3357 | D:5      | XOM: summons friendly white imp
  3505 | D:5      | Noticed Eustachio
  3539 | D:5      | Reached skill level 5 in Fighting
  3548 | D:5      | XOM: potion effect (experience)
  3548 | D:5      | Reached skill level 9 in Axes
  3548 | D:5      | Gained mutation: You are mostly covered in large bone
                  | plates. (SH +6) [demonic ancestry]
  3548 | D:5      | Reached XP level 8. HP: 58/67 MP: 8/8
  3552 | D:5      | Killed Eustachio
  3552 | D:5      | Reached XP level 9. HP: 72/72 MP: 9/9
  3587 | D:5      | XOM: potion effect (heal wounds)
  3595 | D:5      | XOM: smoke on damage
  3674 | D:5      | Noticed Menkaure
  3676 | D:5      | Noticed Dowan
  3681 | D:5      | Noticed Duvessa
  3685 | D:5      | XOM: harmless Ice miscast
  3689 | D:5      | Killed Menkaure
  3702 | D:5      | Killed Duvessa
  3727 | D:5      | Killed Dowan
  3977 | D:5      | XOM: medium Summ miscast
  3978 | D:5      | Noticed a hellwing
  4006 | D:5      | XOM: harmless Tloc miscast
  4025 | D:5      | HP: 3/72 [something (4)]
  4081 | D:4      | XOM: cloud trail
  4447 | D:6      | XOM: 1-stop teleportation journey
  4665 | D:6      | XOM: cloud trail
  4864 | D:7      | Found a staircase to the Ecumenical Temple.
  4911 | D:7      | XOM: cleaving
  5001 | D:7      | Found a runed translucent gate.
  5001 | D:7      | Found a runed translucent gate.
  5001 | D:7      | Found a runed translucent gate.
  5003 | D:7      | Noticed Zanta616's ghost (novice OgFi)
  5046 | D:7      | XOM: cloud trail
  5121 | D:7      | XOM: summons 5 friendly demons
  5125 | D:7      | Killed Zanta616's ghost
  5483 | D:8      | Gained mutation: You are completely covered in large bone
                  | plates. (SH +8) [demonic ancestry]
  5483 | D:8      | Reached XP level 10. HP: 76/80 MP: 10/10
  5489 | D:8      | Reached skill level 10 in Axes
  5841 | D:8      | XOM: butterfly on damage
  5864 | D:8      | Slain by a komodo dragon (shapeshifter)

Vault maps used:
D:1:      mainiacjoe_arrival_reflecting_pool, serial_forest,
          infiniplex_forest_lined_3, infiniplex_forest_corner_1,
          infiniplex_forest_lined_2, infiniplex_forest_pool,
          infiniplex_forest_straight_3, infiniplex_forest_straight_4,
          infiniplex_forest_end_1, evilmike_ruin_ashenzari
D:3:      nrook_campfire, serial_bayou_lagoon_a
D:4:      first_ration, minmay_diced_spiral, uniq_robin
D:5:      sword_in_stone, uniq_menkaure, uniq_duvessa
D:7:      minmay_temple_entry_from_below_a, ebering_ghost_rock_garden,
          chequers_serial_rivers_room_b
D:8:      david_nohive_1, serial_park_tiny_pond

Skill      XL: |  1  2  3  4  5  6  7  8  9 10 |
---------------+-------------------------------+-----
Dodging        | 1 2 3 6 7 |  7.0
Armour         | 2 3 6 7 |  7.2
Axes           | 3 4 5 9 10 | 10.2
Fighting       | 4 7 8 |  8.3

Action                   |  1- 3 |  4- 6 |  7- 9 | 10-12 || total
-------------------------+-------+-------+-------+-------++-------
Melee: Hand axe          |   147 |   154 |   324 |   113 ||   738
       Unarmed           |       |       |    21 |       ||    21
  Use: Potion            |       |     2 |     9 |     3 ||    14
       Scroll            |       |       |     6 |     2 ||     8
 Stab: Petrified         |     4 |       |     8 |     7 ||    19
       Confused          |       |     1 |     6 |     1 ||     8
       Paralysed         |       |     1 |     5 |     3 ||     9
       Petrifying        |       |       |     1 |     2 ||     3
       Distracted        |       |       |     1 |       ||     1
  Eat: Chunk             |     1 |     7 |     6 |       ||    14
       Ration            |       |       |     1 |       ||     1
Armor: Leather armour    |    66 |    44 |       |       ||   110
       Ring mail         |       |    16 |    28 |       ||    44
       Chain mail        |       |       |   123 |   102 ||   225
       Skin              |       |       |       |     4 ||     4
Dodge: Dodged            |    97 |    86 |   140 |    51 ||   374
Block: Other             |       |    33 |    62 |    38 ||   133

Table legend:
 A = Non-vault XP
 B = Vault XP
 C = Vault XP percentage of total XP
 D = Non-vault monster count
 E = Vault monster count
 F = Vault count percentage of total count
                 A         B        C        D         E       F
            +---------+---------+-------+---------+---------+-------
      Total |    3052 |    2825 |  48.1 |     153 |      36 |  19.0
            +---------+---------+-------+---------+---------+-------
        D:1 |      35 |       0 |   0.0 |      23 |       0 |   0.0
        D:2 |      56 |       0 |   0.0 |      17 |       0 |   0.0
        D:3 |      68 |       0 |   0.0 |      23 |       0 |   0.0
        D:4 |     152 |      66 |  30.3 |      10 |      12 |  54.5
        D:5 |    1101 |     797 |  42.0 |      34 |       7 |  17.1
        D:6 |     327 |       0 |   0.0 |      19 |       0 |   0.0
        D:7 |     782 |     723 |  48.0 |      16 |       1 |   5.9
        D:8 |     531 |    1239 |  70.0 |      11 |      16 |  59.3
            +---------+---------+-------+---------+---------+-------
